 Dungeon Crawl Stone Soup version 0.28-a0-529-g3bad584f25 (webtiles) character file.

Game seed: 10503696167041109574

18320 sleeves the Cleaver (level 12, -12/165 HPs)
             Began as a Minotaur Delver on Sept 24, 2021.
             Was a Priest of Qazlal.
             Mangled by a boulder beetle (14 damage)
             ... on level 11 of the Dungeon.
             The game lasted 00:20:59 (15891 turns).

sleeves the Cleaver (Minotaur Delver)              Turns: 15891, Time: 00:20:59

Health: -12/165    AC: 26    Str: 24    XL:     12   Next: 26%
Magic:  16/16      EV:  2    Int:  8    God:    Qazlal [***...]
Gold:   621        SH:  4    Dex: 18    Spells: 7/11 levels left

rFire   + . .      SeeInvis +   H - +9 spear of the Dark Horse {elec, rC- Will+ Str+3}
rCold   . . .      Faith    .   (no shield)
rNeg    + + +      Spirit   .   (armour currently unavailable)
rPois   +          Reflect  .   (helmet currently unavailable)
rElec   +          Harm     .   (cloak currently unavailable)
rCorr   +          Rampage  .   (gloves currently unavailable)
Will    +....      NoTele   +   (boots currently unavailable)
Stlth   ++........              (no amulet)
HPRegen 0.37/turn               D - ring of see invisible
MPRegen 0.15/turn               K - +6 ring of dexterity

@: tree-form (expiring), resistant, attractive
A: stationary, stasis, torment immunity, boosted hp, (horns 2), (retaliatory
headbutt), (cold resistance 1)
a: Renounce Religion, Upheaval, Elemental Force


You were on level 11 of the Dungeon.
You worshipped Qazlal.
Qazlal was most pleased with you.
You were a tree.
You visited 2 branches of the dungeon, and saw 12 of its levels.
You also visited: Sewer and Ossuary.

You collected 621 gold pieces.

Inventory:

Hand Weapons
 F - a +0 war axe
   (You took it off an orc on level 7 of the Dungeon)
 H - the +9 spear of the Dark Horse (weapon) {elec, rC- Will+ Str+3}
   (You found it on level 7 of the Dungeon)

   It occasionally discharges a powerful burst of electricity upon striking a
   foe.
   Str:       It affects your strength (+3).
   rC:        It makes you vulnerable to cold.
   Will:      It increases your willpower.
 I - a +5 halberd
   (You took it off a wight on level 8 of the Dungeon)
Missiles
 x - a throwing net (quivered)
Armour
 r - a +0 pair of boots (melded)
   (You found it on level 10 of the Dungeon)
 w - a +0 pair of gloves (melded)
   (You found it on level 3 of the Dungeon)
 L - the +1 cloak of Perfidy (melded) {+Inv Will++ MP+9 Str-2}
   (You found it on level 8 of the Dungeon)

   Str:       It affects your strength (-2).
   MP:        It affects your magic capacity (+9).
   +Inv:      It lets you turn invisible.
   Will:      It greatly increases your willpower.
 M - a +2 troll leather armour (melded) {Snorg}
   (You found it on level 11 of the Dungeon)
Jewellery
 D - a ring of see invisible (left branch)
   (You found it on level 5 of the Dungeon)
 K - a +6 ring of dexterity (right branch)
   (You found it on level 8 of the Dungeon)
Wands
 g - a wand of digging (3)
 j - a wand of flame (26)
   (You found it on level 5 of the Dungeon)
 A - a wand of paralysis (9)
   (You found it on level 11 of the Dungeon)
 B - a wand of mindburst (7)
   (You found it on level 5 of the Dungeon)
 C - a wand of polymorph (7)
   (You found it on level 5 of the Dungeon)
Scrolls
 a - a scroll of acquirement {unknown}
 b - 3 scrolls of vulnerability {unknown}
 c - 3 scrolls of fog
 d - 5 scrolls of magic mapping
 k - 9 scrolls of identify {unknown}
 p - 2 scrolls of amnesia {unknown}
 s - 2 scrolls of immolation
 t - a scroll of brand weapon {unknown}
 u - 3 scrolls of teleportation
 G - a scroll of enchant armour {unknown}
 J - 2 scrolls of enchant weapon {unknown}
Potions
 f - 2 potions of haste
 h - 2 potions of curing
 i - 4 potions of brilliance
 l - 3 potions of resistance
 m - 4 potions of berserk rage
 n - 2 potions of magic {unknown}
 o - a potion of mutation
 q - 2 potions of lignification
 z - a potion of might {unknown}
 N - a potion of degeneration {unknown}


   Skills:
 + Level 11.3 Fighting
 + Level 13.1 Axes
 + Level 10.7 Armour
 + Level 10.1 Dodging
 - Level 4.1 Stealth
 + Level 7.7 Invocations


You had 7 spell levels left.
You knew the following spells:

 Your Spells              Type           Power      Damage    Failure   Level
a - Passage of Golubria   Tloc           N/A        N/A       99%         4

Your spell library contained the following spells:

 Spells                   Type           Power      Damage    Failure   Level
 Sandblast                Erth           0%         2d4       41%         1
 Shock                    Conj/Air       0%         1d3       41%         1
 Passwall                 Tmut/Erth      0%         N/A       54%         2
 Gell's Gravitas          Tloc           0%         N/A       78%         3
 Lesser Beckoning         Tloc           0%         N/A       78%         3
 Stone Arrow              Conj/Erth      0%         3d7       78%         3
 Swiftness                Air            0%         N/A       78%         3
 Teleport Other           Tloc           0%         N/A       78%         3
 Tukima's Dance           Hex            0%         N/A       78%         3
 Fulminant Prism          Conj/Hex       0%         3d6       99%         4
 Iskenderun's Mystic Bla  Conj/Tloc      0%         2d3       99%         4
 Lee's Rapid Deconstruct  Erth           0%         3d5*      100%        5
 Yara's Violent Unravell  Hex/Tmut       0%         3d3       100%        5
 Invisibility             Hex            0%         N/A       100%        6


Dungeon Overview and Level Annotations

Branches:
Dungeon (11/15)            Temple (1/1) D:4            Lair (0/6) D:10
  Sewer (visited)         Ossuary (visited)
    Orc: D:9-12

Altars:
Ashenzari
Cheibriados
Dithmenos
Elyvilon
Fedhas
Gozag
Hepliaklqana
Kikubaaqudgha
Makhleb
Nemelex Xobeh
Okawaru
Qazlal
Ru
Sif Muna
Trog
Uskayaw
Vehumet
Wu Jian
Xom
Yredelemnul
Zin
The Shining One

Shops:
D:3 [([*   D:8 (


Innate Abilities, Weirdness & Mutations

You are a tree.
Your roots penetrate the ground, keeping you stationary.
You cannot be teleported.
You are immune to unholy pain and torment.
Your maximum health is greatly increased.
Your equipment is partially melded.
((You have a pair of horns on your head.))
((You reflexively headbutt those who attack you in melee.))
((Your flesh is cold resistant. (rC+)))


Message History

You hear a bellow!
The gnoll misses you. The gnoll sergeant barely misses you.
You reach to attack!
You closely miss the gnoll sergeant.
The gnoll sergeant is lightly wounded.
You closely miss the gnoll. Your headbutt misses the gnoll.
You block the gnoll sergeant's attack.
The gnoll hits you from afar with a +0 spear.
You hit the gnoll. Lightning courses through the gnoll!
You kill the gnoll!
Qazlal accepts your kill. The gnoll barely misses you.
The gnoll sergeant hits you from afar with a +0 trident.
You reach to attack!
You hit the gnoll sergeant.
The gnoll sergeant is lightly wounded.
You hear a bellow!
The gnoll sergeant hits you from afar with a +0 trident!
The gnoll hits you but does no damage.
You hear a shout!
You reach to attack!
You puncture the gnoll sergeant!
The gnoll sergeant is heavily wounded.
You reach to attack!
You closely miss the gnoll sergeant.
The gnoll sergeant is heavily wounded.
The gnoll misses you. The gnoll sergeant closely misses you.
You reach to attack!
You hit the gnoll sergeant.
Lightning courses through the gnoll sergeant!
You kill the gnoll sergeant!
Qazlal accepts your kill. The gnoll closely misses you.
You reach to attack!
You hit the gnoll.
The gnoll is lightly wounded.
The gnoll hits you but does no damage.
You reach to attack!
You puncture the gnoll!
The gnoll is severely wounded.
You reach to attack!
You hit the gnoll. Lightning courses through the gnoll!
You kill the gnoll!
Qazlal accepts your kill.
A yak comes into view. x2
You reach to attack!
You hit the yak.
The yak is lightly wounded.
You hit the yak but do no damage.
The yak is lightly wounded.
You hit the yak. You headbutt the yak, but do no damage.
The yak is moderately wounded.
The yak is engulfed in blazing flames.
The yak closely misses you. You furiously retaliate!
You headbutt the yak. You puncture the yak! Lightning courses through the yak!!
You kill the yak!
Qazlal accepts your kill.
Your Axes skill increases to level 12!
You puncture the yak!
The yak is moderately wounded.
The yak is engulfed in blazing flames.
The yak closely misses you.
You hit the yak. Lightning courses through the yak!
You kill the yak!
Qazlal accepts your kill.
No target in view!
No target in view!
No target in view!
No target in view!
No target in view!
You hear a bellow!
You hear a bellow!
You hear a bellow!
A yak comes into view.
A yak is nearby!
A yak is nearby!
A yak is nearby!
A yak is nearby!
You reach to attack!
You hit the yak.
The yak is lightly wounded.
A yak comes into view.
You reach to attack!
You hit the yak. Lightning courses through the yak!
The yak is moderately wounded.
You reach to attack!
You hit the yak.
The yak is heavily wounded.
You reach to attack!
You barely miss the yak.
The yak is heavily wounded.
You closely miss the yak. You headbutt the yak!
The yak is severely wounded.
The yak gores you.
You puncture the yak! You headbutt the yak.
You kill the yak!
Qazlal accepts your kill.
You hit the yak.
The yak is moderately wounded.
The yak gores you but does no damage.
You hit the yak. Lightning courses through the yak! You headbutt the yak.
The yak is almost dead.
You block the yak's attack.
You puncture the yak! Lightning courses through the yak!
You kill the yak!
Qazlal accepts your kill.
Your Fighting skill increases to level 10!
No target in view!
No target in view!
No target in view!
No target in view!
A troll comes into view.
A troll is nearby!
A troll is nearby!
A troll is nearby!
A troll is nearby!
You reach to attack!
You barely miss the troll. You puncture the troll!
The troll is moderately wounded.
The troll bites you but does no damage. The troll claws you but does no damage.
The troll claws you!
You hit the troll. Lightning courses through the troll! You headbutt the troll!
The troll is severely wounded.
You puncture the troll!
You kill the troll!
Qazlal accepts your kill.
No target in view!
No target in view!
No target in view!
No target in view!
No target in view!
No target in view!
No target in view!
No target in view!
No target in view!
No target in view!
Key pressed, stopping explore.
HP restored.
Found a scroll labelled GOKUOPHANIA and a quarterstaff.
Things that are here:
a +0 whip; a yak corpse; a yak corpse
Items here: ))) †.
There is an open door here.
Things that are here:
a +0 trident; a +0 ring mail; a gnoll corpse No target in view!
Found a stone staircase leading down.
Found a hunting sling.
s - 3 scrolls labelled GOKUOPHANIA (gained 1)
A deep elf pyromancer comes into view. It is wielding a +0 long sword.
Found a scroll labelled QEAZXU MOIPU.
Found a stone staircase leading down.
You reach to attack!
You puncture the deep elf pyromancer!
The deep elf pyromancer is moderately wounded.
You hit the deep elf pyromancer.
Lightning courses through the deep elf pyromancer!
The deep elf pyromancer is severely wounded.
You hit the deep elf pyromancer.
The deep elf pyromancer is almost dead.
The deep elf pyromancer gestures at you while chanting.
The bolt of fire hits you!
You hear a sizzling sound!
You hit the deep elf pyromancer.
Lightning courses through the deep elf pyromancer!
You kill the deep elf pyromancer!
Qazlal accepts your kill.
No target in view!
No target in view!
Things that are here:
a +0 long sword; a +0 leather armour; an elf corpse You pick up Great Wizards, Vol.
VII and begin reading...
You add the spells Tukima's Dance, Passage of Golubria and Yara's Violent Unravelling to your library.
This spell is impossible to cast!
Memorise Passage of Golubria, consuming 4 spell levels and leaving 6?
You start memorising the spell.
You continue memorising. x4
You finish memorising.
Spell assigned to 'a'.
Okay, then.
k - 9 scrolls labelled QEAZXU MOIPU (gained 1)
Found a stone staircase leading up.
You open the door.
A manticore comes into view.
There is an open door here.
A manticore is nearby!
A manticore is nearby!
A manticore is nearby!
You reach to attack!
You hit the manticore.
Lightning courses through the manticore!
The manticore is heavily wounded.
The manticore flicks its tail.
The volley of spikes misses you.
You reach to attack!
You hit the manticore.
The manticore is heavily wounded.
The manticore flicks its tail.
The volley of spikes misses you.
You reach to attack!
You puncture the manticore!
Lightning courses through the manticore!!
You kill the manticore!
Qazlal accepts your kill.
Your Dodging skill increases to level 9!
No target in view!
No target in view!
A - a wand of paralysis (9)
You open the door.
A wyvern and a wraith come into view.
The wyvern hisses angrily.
There are monsters nearby!
There are monsters nearby!
You reach to attack!
You hit the wyvern.
The wyvern is lightly wounded.
You puncture the wyvern!
The wyvern is moderately wounded.
The wyvern bites you.
You puncture the wyvern!
The wyvern is heavily wounded.
The wyvern misses you.
You hit the wyvern.
The wyvern is severely wounded.
The wyvern closely misses you. You furiously retaliate!
You headbutt the wyvern, but do no damage.
You completely miss the wyvern.
You headbutt the wyvern, but do no damage.
The wyvern is heavily wounded.
You block the wyvern's attack.
You hit the wyvern.
The wyvern is severely wounded.
The wyvern misses you. You furiously retaliate!
You headbutt the wyvern, but do no damage.
Your scale mail prevents you from hitting the wyvern.
You headbutt the wyvern.
The wyvern is almost dead.
The wyvern bites you!
You puncture the wyvern!
You kill the wyvern!
Qazlal accepts your kill.
You completely miss the wraith. You headbutt the wraith!
The wraith is moderately damaged.
The wraith barely misses you.
You hit the wraith. Lightning courses through the wraith!
You destroy the wraith!
Qazlal accepts your kill.
No target in view!
No target in view!
There is an open door, spattered with blood here.
You see here a wyvern corpse.
You open the door.
There is an open door here.
Snorg the Insatiable comes into view.
Snorg shouts!
Snorg is nearby!
Snorg is nearby!
Snorg is nearby!
You reach to attack!
You hit Snorg.
Snorg is lightly wounded.
Snorg goes berserk!
You reach to attack!
You puncture Snorg! Lightning courses through Snorg!!
Snorg is moderately wounded.
Snorg rages.
You hit Snorg. Lightning courses through Snorg! You headbutt Snorg.
Snorg is moderately wounded.
Snorg closely misses you. Snorg claws you. Snorg claws you but does no damage.
You puncture Snorg!
Snorg is heavily wounded.
Snorg bites you! Snorg claws you! Snorg claws you.
You are too injured to fight recklessly!
You are too injured to fight recklessly!
You are too injured to fight recklessly!
Reach: H) +9 spear of the Dark Horse {elec, rC- Will+ Str+3}
Press: ? - help, Dir - move target, f/p - Snorg
Aim: Snorg (sparse dust, heavily wounded, berserk, about 25% to evade the +9 spear of the Dark Horse)
You barely miss Snorg.
Snorg is heavily wounded.
Snorg barely misses you. Snorg misses you. Snorg claws you but does no damage.
Reach: H) +9 spear of the Dark Horse {elec, rC- Will+ Str+3}
Press: ? - help, Dir - move target, f/p - Snorg
Aim: Snorg (heavily wounded, berserk, about 25% to evade the +9 spear of the Dark Horse)
You puncture Snorg! Your headbutt misses Snorg.
Snorg is heavily wounded.
You block Snorg's attack. Snorg closely misses you. x2
Reach: H) +9 spear of the Dark Horse {elec, rC- Will+ Str+3}
Press: ? - help, Dir - move target, f/p - Snorg
Aim: Snorg (heavily wounded, berserk, about 25% to evade the +9 spear of the Dark Horse)
You puncture Snorg!
Snorg is heavily wounded.
Snorg barely misses you. You furiously retaliate!
You headbutt Snorg! Snorg claws you!
* * * LOW HITPOINT WARNING * * *
Snorg claws you!!
* * * LOW HITPOINT WARNING * * *
Reach: H) +9 spear of the Dark Horse {elec, rC- Will+ Str+3}
Press: ? - help, Dir - move target, f/p - Snorg
Aim: Snorg (severely wounded, berserk, about 25% to evade the +9 spear of the Dark Horse)
You hit Snorg. Your headbutt misses Snorg.
Snorg is severely wounded.
Snorg closely misses you. Snorg claws you!
* * * LOW HITPOINT WARNING * * *
Snorg completely misses you.
Reach: H) +9 spear of the Dark Horse {elec, rC- Will+ Str+3}
Press: ? - help, Dir - move target, f/p - Snorg
Aim: Snorg (severely wounded, berserk, about 25% to evade the +9 spear of the Dark Horse)
You puncture Snorg!
Snorg is severely wounded.
Snorg bites you.
* * * LOW HITPOINT WARNING * * *
Snorg claws you.
* * * LOW HITPOINT WARNING * * *
Snorg claws you but does no damage.
Aiming: Mindburst
Press: ? - help, Shift-Dir - straight line, f/p - Snorg
Aim: Snorg (severely wounded, berserk, chance to affect: 30%)
Okay, then.
Unknown command.
Unknown command.
Unknown command.
Reach: H) +9 spear of the Dark Horse {elec, rC- Will+ Str+3}
Press: ? - help, Dir - move target, f/p - Snorg
Aim: Snorg (severely wounded, berserk, about 25% to evade the +9 spear of the Dark Horse)
You closely miss Snorg. Your headbutt misses Snorg.
Snorg is severely wounded.
Snorg bites you but does no damage. Snorg claws you.
* * * LOW HITPOINT WARNING * * *
You block Snorg's attack.
Okay, then.
Reach: H) +9 spear of the Dark Horse {elec, rC- Will+ Str+3}
Press: ? - help, Dir - move target, f/p - Snorg
Aim: Snorg (severely wounded, berserk, about 25% to evade the +9 spear of the Dark Horse)
You puncture Snorg! Lightning courses through Snorg!! You headbutt Snorg!
You kill Snorg!
Qazlal accepts your kill.
The troll leather armour {Snorg} is intact enough to wear.
Things that are here:
a +2 troll leather armour {Snorg}; the troll corpse of Snorg
M - a +2 troll leather armour {Snorg} You start removing your armour.
You continue taking off your +0 scale mail. x4
You finish taking off your +0 scale mail.
You start putting on your armour.
You continue putting on your +2 troll leather armour {Snorg}. x5
You finish putting on your +2 troll leather armour {Snorg}.
The armour cannot attune itself to your injured body.
Drop what? 39/52 slots (_ for help) (? for menu, Esc to quit)
You drop a +0 scale mail.
You start resting.
HP restored.
Your armour attunes itself to your body as you begin to regenerate more quickly.
Unknown command.
Okay, then.
Unknown command.
Unknown command.
You pick up a book of Burglary and begin reading...
You add the spells Swiftness and Invisibility to your library.
Found 18 stones.
You now have 621 gold pieces (gained 12).
You hear two shouts!
You hear an angry buzzing noise.
You hear a shout!
N - a silvery potion An orc wizard, a two-headed ogre and a troll come into view.
The orc wizard shouts!
The troll shouts!
You hear a howl!
You hear an angry buzzing noise.
There are monsters nearby!
There are monsters nearby!
There are monsters nearby!
There are monsters nearby!
There are monsters nearby!
You reach to attack!
You hit the two-headed ogre.
Lightning courses through the two-headed ogre!
The two-headed ogre is moderately wounded.
A killer bee comes into view.
You reach to attack!
You hit the two-headed ogre.
The two-headed ogre is heavily wounded.
You reach to attack!
You hit the two-headed ogre.
The two-headed ogre is heavily wounded.
You reach to attack!
You hit the two-headed ogre.
The two-headed ogre is heavily wounded.
You hit the two-headed ogre but do no damage.
Your headbutt misses the two-headed ogre.
The two-headed ogre is heavily wounded.
A killer bee comes into view.
The two-headed ogre misses you. The two-headed ogre barely misses you.
The killer bee buzzes angrily.
You puncture the two-headed ogre!
Lightning courses through the two-headed ogre!
You kill the two-headed ogre!
Qazlal accepts your kill.
You hear an angry buzzing noise. x2; You hear a shout!
You hear two shouts!
A killer bee comes into view.
You reach to attack!
You puncture the orc wizard!
The orc wizard is heavily wounded.
You closely miss the killer bee.
You hear an angry buzzing noise.
A killer bee comes into view.
You block the killer bee's attack.
You hear a howl!
You hear a shout!
You barely miss the killer bee. You headbutt the killer bee.
The killer bee is moderately wounded.
You block the killer bee's attack. The killer bee barely misses you.
You hit the killer bee.
Lightning courses through the killer bee!
You kill the killer bee!
Qazlal accepts your kill.
A killer bee comes into view.
You reach to attack!
You hit the orc wizard.
Lightning courses through the orc wizard!!
You kill the orc wizard!
Qazlal accepts your kill.
You miss the killer bee. Your headbutt misses the killer bee.
The killer bee stings you.
An orc wizard comes into view. It is wielding a +0 dagger.
The killer bee barely misses you. You furiously retaliate!
You headbutt the killer bee! You barely miss the killer bee.
Your headbutt misses the killer bee.
The killer bee is severely wounded.
The killer bee closely misses you. The killer bee misses you.
You completely miss the killer bee. You headbutt the killer bee.
You kill the killer bee!
Qazlal accepts your kill. The killer bee stings you!
A howler monkey comes into view.
The killer bee barely misses you. The killer bee completely misses you.
You furiously retaliate!
You headbutt the killer bee! The killer bee misses you.
The killer bee closely misses you.
The killer bee stings you but does no damage.
The killer bee stings you but does no damage.
You puncture the killer bee!
You kill the killer bee!
Qazlal accepts your kill.
The killer bee stings you but does no damage.
You puncture the killer bee! Your headbutt misses the killer bee.
The killer bee is heavily wounded.
The killer bee misses you. You furiously retaliate!
You headbutt the killer bee.
The killer bee stings you but does no damage.
You closely miss the killer bee. You headbutt the killer bee.
You kill the killer bee!
Qazlal accepts your kill.
You hit the killer bee.
Lightning courses through the killer bee!
The killer bee is almost dead.
The killer bee misses you. You furiously retaliate!
You headbutt the killer bee!
You kill the killer bee!
Qazlal accepts your kill.
No target in view!
No target in view!
No target in view!
No target in view!
A howler monkey is nearby!
A two-headed ogre comes into view. It is wielding two +0 giant clubs.
You reach to attack!
You hit the two-headed ogre.
Lightning courses through the two-headed ogre!!
The two-headed ogre is moderately wounded.
You reach to attack!
You hit the two-headed ogre.
The two-headed ogre is heavily wounded.
You puncture the two-headed ogre! You headbutt the two-headed ogre.
The two-headed ogre is severely wounded.
You closely miss the two-headed ogre. You headbutt the two-headed ogre!
The two-headed ogre is almost dead.
You block the two-headed ogre's attack.
The two-headed ogre hits you with a +0 giant club!!
The orc wizard hits you but does no damage.
You puncture the two-headed ogre!
You kill the two-headed ogre!
Qazlal accepts your kill. The orc wizard completely misses you.
You furiously retaliate!
You headbutt the orc wizard. You hit the orc wizard.
You headbutt the orc wizard.
You kill the orc wizard!
Qazlal accepts your kill.
The howler monkey hoots and howls with incredible vigour!
You hear a shout! x5; You hear a bellow!
You hear a horrible gurgling sound!
You hear a bellow! x3; You hear a shout! x2
You hit the howler monkey.
The howler monkey is lightly wounded.
You block the howler monkey's attack.
You hit the howler monkey.
Lightning courses through the howler monkey!
The howler monkey is severely wounded.
The howler monkey closely misses you.
You hit the howler monkey.
Lightning courses through the howler monkey!
You kill the howler monkey!
Qazlal accepts your kill.
You hit the troll. Lightning courses through the troll!!
The troll is heavily wounded.
The troll bites you. The troll barely misses you. The troll closely misses you.
You puncture the troll!
The troll is severely wounded.
You hit the troll. Your headbutt misses the troll.
The troll is almost dead.
The troll completely misses you. The troll misses you.
You block the troll's attack.
You hit the troll.
The troll is almost dead.
The troll barely misses you. x2; The troll completely misses you.
You puncture the troll!
You kill the troll!
Qazlal accepts your kill.
The troll leather armour is intact enough to wear.
No target in view!
No target in view!
A centaur warrior simulacrum comes into view.
A centaur warrior simulacrum is nearby!
You reach to attack!
You puncture the centaur warrior simulacrum!
Lightning courses through the centaur warrior simulacrum!
The centaur warrior simulacrum is heavily damaged.
You puncture the centaur warrior simulacrum!
The centaur warrior simulacrum is almost destroyed.
You hear a shout!
The centaur warrior simulacrum hits you but does no damage.
The centaur warrior simulacrum completely misses you.
You hear a shout!
You hear a horrible gurgling sound!
You puncture the centaur warrior simulacrum!
Lightning courses through the centaur warrior simulacrum!
The centaur warrior simulacrum vaporises!
Qazlal accepts your kill.
You can now give life to nearby clouds.
Something unseen opens the door.
Your Armour skill increases to level 10!
Your Invocations skill increases to level 7!
No target in view!
No target in view!
A cyclops comes into view.
Items here: )) [ ††††.
Okay, then.
A cyclops is nearby!
A cyclops is nearby!
A cyclops is nearby!
A cyclops is nearby!
You reach to attack!
You puncture the cyclops! Lightning courses through the cyclops!
The cyclops is moderately wounded.
You reach to attack!
You hit the cyclops.
The cyclops is heavily wounded.
You reach to attack!
You puncture the cyclops! Lightning courses through the cyclops!
The cyclops is almost dead.
The cyclops throws a large rock.
The large rock barely misses you.
You reach to attack!
You puncture the cyclops!
The cyclops is almost dead.
A troll comes into view.
You reach to attack!
You hit the cyclops.
You kill the cyclops!
Qazlal accepts your kill.
No target in view!
No target in view!
No target in view!
Things that are here:
a +0 dagger; a +0 robe; an orc corpse A troll is nearby!
A troll is nearby!
You reach to attack!
You puncture the troll!
The troll is moderately wounded.
You reach to attack!
You puncture the troll! Lightning courses through the troll!
The troll is severely wounded.
You puncture the troll!
The troll is almost dead.
The troll misses you. You furiously retaliate!
You headbutt the troll, but do no damage.
The troll misses you. The troll claws you!
A centaur warrior zombie comes into view.
You puncture the troll! Lightning courses through the troll!
You kill the troll!
Qazlal accepts your kill.
You puncture the centaur warrior zombie!
You headbutt the centaur warrior zombie!
The centaur warrior zombie is moderately damaged.
The centaur warrior zombie completely misses you.
You furiously retaliate!
You headbutt the centaur warrior zombie!
The centaur warrior zombie kicks you but does no damage.
A troll comes into view.
You hit the centaur warrior zombie.
The centaur warrior zombie is heavily damaged.
The centaur warrior zombie hits you but does no damage.
The centaur warrior zombie closely misses you.
You hit the centaur warrior zombie.
You headbutt the centaur warrior zombie!
The centaur warrior zombie is severely damaged.
The centaur warrior zombie hits you but does no damage.
The centaur warrior zombie kicks you but does no damage.
You hit the centaur warrior zombie.
The centaur warrior zombie is severely damaged.
The centaur warrior zombie completely misses you.
The centaur warrior zombie kicks you. The troll bites you but does no damage.
The troll claws you but does no damage. The troll barely misses you.
You puncture the centaur warrior zombie!
Lightning courses through the centaur warrior zombie!
You headbutt the centaur warrior zombie!
You destroy the centaur warrior zombie!
Qazlal accepts your kill.
You puncture the troll!
The troll is moderately wounded.
The troll misses you. The troll barely misses you. The troll claws you!
A boulder beetle comes into view.
You closely miss the troll.
The troll is moderately wounded.
The troll barely misses you. The troll misses you.
The troll claws you but does no damage.
You puncture the troll! Lightning courses through the troll!
The troll is severely wounded.
You closely miss the troll. You headbutt the troll.
The troll is almost dead.
You block the troll's attack. The troll claws you but does no damage.
The troll claws you.
You closely miss the troll. You headbutt the troll.
The troll is almost dead.
The troll barely misses you. You furiously retaliate!
You headbutt the troll. The troll misses you.
The troll claws you but does no damage.
You barely miss the troll. Your headbutt misses the troll.
The troll is almost dead.
A centaur warrior zombie comes into view.
You puncture the troll! Lightning courses through the troll!
You kill the troll!
Qazlal accepts your kill.
The troll leather armour is intact enough to wear.
You puncture the boulder beetle!
Lightning courses through the boulder beetle!
You headbutt the boulder beetle.
The boulder beetle is moderately wounded.
You hit the boulder beetle but do no damage.
The boulder beetle is moderately wounded.
The boulder beetle completely misses you.
You hit the boulder beetle but do no damage.
The boulder beetle is moderately wounded.
The boulder beetle bites you but does no damage.
You hit the boulder beetle but do no damage.
Lightning courses through the boulder beetle!
Your headbutt misses the boulder beetle.
The boulder beetle is heavily wounded.
You hit the boulder beetle.
Lightning courses through the boulder beetle!
You headbutt the boulder beetle, but do no damage.
The boulder beetle is severely wounded.
The boulder beetle misses you.
You hit the boulder beetle but do no damage.
Lightning courses through the boulder beetle!
The boulder beetle is almost dead.
The boulder beetle leaps!
You reach to attack!
You puncture the centaur warrior zombie!
Lightning courses through the centaur warrior zombie!
The centaur warrior zombie is moderately damaged.
The boulder beetle curls into a ball and begins rolling!
You hit the centaur warrior zombie.
The centaur warrior zombie is moderately damaged.
The centaur warrior zombie barely misses you.
The centaur warrior zombie kicks you but does no damage.
You puncture the centaur warrior zombie!
Lightning courses through the centaur warrior zombie!
The centaur warrior zombie is heavily damaged.
You block the centaur warrior zombie's attack.
The centaur warrior zombie closely misses you.
You puncture the centaur warrior zombie!
Your headbutt misses the centaur warrior zombie.
The centaur warrior zombie is severely damaged.
The centaur warrior zombie completely misses you.
The centaur warrior zombie barely misses you.
You puncture the centaur warrior zombie!
The centaur warrior zombie is almost destroyed.
The boulder beetle stops rolling and uncurls.
You puncture the centaur warrior zombie!
Lightning courses through the centaur warrior zombie!
You destroy the centaur warrior zombie!
Qazlal accepts your kill.
You reach to attack!
You hit the boulder beetle.
The boulder beetle is almost dead.
The boulder beetle waves its antennae.
The boulder beetle leaps!
No target in view!
No target in view!
No target in view!
A boulder beetle is nearby!
A boulder beetle is nearby!
A boulder beetle is nearby!
Unknown command.
Items here: ) [[ ††.
The boulder beetle curls into a ball and begins rolling!
You reach to attack!
You hit the boulder beetle but do no damage.
Lightning courses through the boulder beetle!
You kill the boulder beetle!
Qazlal accepts your kill.
Your Fighting skill increases to level 11!
You have reached level 12!
Your experience leads to an increase in your attributes!
Your base attributes are Str 21, Int 7, Dex 11.
Increase (S)trength, (I)ntelligence, or (D)exterity?
You feel clever.
You feel agile.
A manticore and a zombie come into view.
You hear a shout!
You block the centaur warrior zombie's attack.
The centaur warrior zombie kicks you but does no damage.
The centaur warrior zombie hits you but does no damage.
The centaur warrior zombie completely misses you.
There are monsters nearby!
There are monsters nearby!
There are monsters nearby!
You puncture the centaur warrior zombie!
The centaur warrior zombie is lightly damaged.
A troll comes into view.
You puncture the centaur warrior zombie!
Lightning courses through the centaur warrior zombie!
The centaur warrior zombie is moderately damaged.
You hear a shout!
The centaur warrior zombie hits you but does no damage.
You block the centaur warrior zombie's attack.
You puncture the centaur warrior zombie!
You headbutt the centaur warrior zombie.
The centaur warrior zombie is heavily damaged.
The centaur warrior zombie hits you but does no damage.
The centaur warrior zombie kicks you but does no damage.
You hit the centaur warrior zombie.
The centaur warrior zombie is heavily damaged.
You hear a horrible gurgling sound!
The centaur warrior zombie hits you but does no damage.
The centaur warrior zombie closely misses you.
A troll comes into view.
You puncture the centaur warrior zombie!
The centaur warrior zombie is severely damaged.
The centaur warrior zombie hits you but does no damage.
The centaur warrior zombie kicks you but does no damage.
You puncture the centaur warrior zombie!
The centaur warrior zombie is severely damaged.
The centaur warrior zombie misses you. You furiously retaliate!
You headbutt the centaur warrior zombie!
The centaur warrior zombie barely misses you.
You hit the centaur warrior zombie.
The centaur warrior zombie is almost destroyed.
The centaur warrior zombie barely misses you.
The centaur warrior zombie kicks you.
You puncture the centaur warrior zombie!
You destroy the centaur warrior zombie!
Qazlal accepts your kill.
A cyan ugly thing comes into view.
You hit the manticore.
Lightning courses through the manticore!!
The manticore is heavily wounded.
The manticore is struck by lightning.
The manticore barely misses you. You block the manticore's attack.
The manticore misses you.
You barely miss the manticore.
The manticore is severely wounded.
A manticore comes into view.
You hit the manticore but do no damage.
You headbutt the manticore, but do no damage.
The manticore is severely wounded.
The manticore misses you. You furiously retaliate!
You headbutt the manticore, but do no damage.
The manticore barely misses you. The manticore closely misses you.
You barely miss the manticore. You headbutt the manticore.
The manticore is almost dead.
The troll barely misses you. You furiously retaliate!
You headbutt the troll. The troll completely misses you.
The troll claws you but does no damage. The manticore barely misses you.
The manticore claws you but does no damage.
The manticore misses you.
You hit the manticore.
The manticore is almost dead.
The troll bites you. The troll claws you but does no damage.
The troll barely misses you. The manticore misses you. You furiously retaliate!
You headbutt the manticore!
You kill the manticore!
Qazlal accepts your kill.
You hit the troll but do no damage.
The troll is lightly wounded.
You hear a bellow!
A manticore comes into view.
You barely miss the troll.
The troll is lightly wounded.
The troll bites you but does no damage. You block the troll's attack.
The troll barely misses you.
You hit the troll. Lightning courses through the troll!
The troll is heavily wounded.
You hear a horrible gurgling sound!
You hear a bellow! x2
A red ugly thing comes into view.
The troll completely misses you. The troll claws you but does no damage.
You block the troll's attack. The troll closely misses you.
You furiously retaliate!
You headbutt the troll. You block the troll's attack. The troll claws you.
You hit the troll but do no damage. Lightning courses through the troll!
You headbutt the troll!
You kill the troll!
Qazlal accepts your kill.
You hear a bellow!
The cyan ugly thing barely misses you.
You puncture the troll! Your headbutt misses the troll.
The troll is moderately wounded.
The troll barely misses you. The troll claws you!
The troll claws you but does no damage.
A yak comes into view.
The cyan ugly thing closely misses you.
You puncture the troll!
The troll is heavily wounded.
You hear a bellow!
The troll bites you! The troll claws you. The troll misses you.
You puncture the troll! Lightning courses through the troll!!
You kill the troll!
Qazlal accepts your kill.
The cyan ugly thing engulfs you but does no damage.
Your Axes skill increases to level 13!
You barely miss the manticore.
You headbutt the manticore, but do no damage.
You hear a bellow!
A yak comes into view. x2
The cyan ugly thing engulfs you but does no damage.
The manticore completely misses you. You block the manticore's attack.
The manticore misses you.
You puncture the manticore! You headbutt the manticore.
The manticore is moderately wounded.
You block the cyan ugly thing's attack.
You hit the manticore.
Lightning courses through the manticore!!
The manticore is severely wounded.
A yak comes into view.
The manticore barely misses you. The manticore completely misses you.
The manticore claws you.
The red ugly thing basks in the mutagenic energy from its kin and changes!
You hit the manticore.
Lightning courses through the manticore!!
You kill the manticore!
Qazlal accepts your kill.
The cyan ugly thing engulfs you but does no damage.
The manticore flicks its tail.
The volley of spikes hits you!
The barbed spikes become lodged in your body.
Your Dodging skill increases to level 10!
The barbs in your skin will harm you if you move.
Continue?
Okay, then.
You are too injured to fight recklessly!
You are too injured to fight recklessly!
Reach: H) +9 spear of the Dark Horse {elec, rC- Will+ Str+3}
Press: ? - help, Dir - move target, f - cyan ugly thing
Aim: a cyan ugly thing (about 24% to evade the +9 spear of the Dark Horse)
You puncture the cyan ugly thing! You headbutt the cyan ugly thing.
The cyan ugly thing is moderately wounded.
A yak comes into view.
The cyan ugly thing engulfs you but does no damage.
Reach: H) +9 spear of the Dark Horse {elec, rC- Will+ Str+3}
Press: ? - help, Dir - move target, f - manticore, p - cyan ugly thing
Aim: a manticore (about 17% to evade the +9 spear of the Dark Horse)
You reach to attack!
You puncture the manticore!
The manticore is lightly wounded.
Reach: H) +9 spear of the Dark Horse {elec, rC- Will+ Str+3}
Press: ? - help, Dir - move target, f/p - manticore
Aim: a manticore (sparse dust, lightly wounded, about 17% to evade the +9 spear of the Dark Horse)
You hit the manticore.
You headbutt the manticore, but do no damage.
The manticore is moderately wounded.
The cyan ugly thing barely misses you. The manticore completely misses you.
You furiously retaliate!
You headbutt the manticore, but do no damage.
You block the manticore's attack. The manticore claws you.
Reach: H) +9 spear of the Dark Horse {elec, rC- Will+ Str+3}
Press: ? - help, Dir - move target, f/p - manticore
Aim: a manticore (sparse dust, lightly wounded, about 17% to evade the +9 spear of the Dark Horse)
You puncture the manticore!
Lightning courses through the manticore!
You headbutt the manticore!
The manticore is severely wounded.
The cyan ugly thing tail-slaps you but does no damage.
You block the cyan ugly thing's attack.
Reach: H) +9 spear of the Dark Horse {elec, rC- Will+ Str+3}
Press: ? - help, Dir - move target, f/p - manticore
Aim: a manticore (sparse dust, severely wounded, about 17% to evade the +9 spear of the Dark Horse)
You puncture the manticore!
You kill the manticore!
Qazlal accepts your kill.
The cyan ugly thing is engulfed in blazing flames.
The cyan ugly thing tail-slaps you but does no damage.
Reach: H) +9 spear of the Dark Horse {elec, rC- Will+ Str+3}
Press: ? - help, Dir - move target, f - cyan ugly thing
Aim: a cyan ugly thing (lightly wounded, about 24% to evade the +9 spear of the Dark Horse)
You puncture the cyan ugly thing!
Your headbutt misses the cyan ugly thing.
The cyan ugly thing is moderately wounded.
The cyan ugly thing is engulfed in blazing flames.
The cyan ugly thing misses you.
Reach: H) +9 spear of the Dark Horse {elec, rC- Will+ Str+3}
Press: ? - help, Dir - move target, f/p - cyan ugly thing
Aim: a cyan ugly thing (flame, heavily wounded, about 24% to evade the +9 spear of the Dark Horse)
You puncture the cyan ugly thing!
The cyan ugly thing is heavily wounded.
The cyan ugly thing is engulfed in blazing flames.
The cyan ugly thing tail-slaps you but does no damage.
The cyan ugly thing is engulfed in blazing flames.
The cyan ugly thing engulfs you. The cyan ugly thing shocks you!
* * * LOW HITPOINT WARNING * * *
The barbs in your skin will harm you if you move.
Continue?
The barbed spikes dig painfully into your body as you move.
* * * LOW HITPOINT WARNING * * *
The cyan ugly thing is engulfed in blazing flames.
The yak misses you. You furiously retaliate!
You headbutt the yak, but do no damage.
The cyan ugly thing is engulfed in blazing flames.
The barbed spikes dig painfully into your body as you move.
* * * LOW HITPOINT WARNING * * *
The cyan ugly thing tail-slaps you but does no damage.
Qazlal accepts your kill.
You feel a bit more experienced.
The barbed spikes dig painfully into your body as you move.
* * * LOW HITPOINT WARNING * * *
You closely miss the cyan ugly thing. You headbutt the cyan ugly thing!
The cyan ugly thing is heavily wounded.
The cyan ugly thing completely misses you.
You puncture the cyan ugly thing!
Your headbutt misses the cyan ugly thing.
The cyan ugly thing is almost dead.
You carefully extract the barbed spikes from your body.
The yak is struck by lightning.
The cyan ugly thing misses you.
You puncture the cyan ugly thing! You headbutt the cyan ugly thing.
The cyan ugly thing is almost dead.
You hit the cyan ugly thing.
Your headbutt misses the cyan ugly thing.
The cyan ugly thing is almost dead.
The cyan ugly thing tail-slaps you!
* * * LOW HITPOINT WARNING * * *
The cyan ugly thing shocks you!
* * * LOW HITPOINT WARNING * * *
Reach: H) +9 spear of the Dark Horse {elec, rC- Will+ Str+3}
Press: ? - help, Dir - move target, f - cyan ugly thing
Aim: a cyan ugly thing (almost dead, about 24% to evade the +9 spear of the Dark Horse)
You hit the cyan ugly thing.
You kill the cyan ugly thing!
Qazlal accepts your kill.
It was a potion of resistance.
You feel protected. The yak completely misses you. You furiously retaliate!
You headbutt the yak.
It was a potion of lignification.
You turn into a tree.
The +1 cloak of Perfidy {+Inv Will++ MP+9 Str-2} melds into your body.
Your +0 pair of gloves melds into your body.
Your +0 pair of boots melds into your body.
Your +2 troll leather armour {Snorg} melds into your body.
Your roots penetrate the ground.
The yak gores you but does no damage. x2
A boulder beetle comes into view.
It was a potion of curing.
You feel better. The yak barely misses you. You block the yak's attack.
It was a potion of mutation.
You feel extremely strange.
You feel resistant to cold. The yak gores you.
* * * LOW HITPOINT WARNING * * *
The yak gores you but does no damage.
Reach: H) +9 spear of the Dark Horse {elec, rC- Will+ Str+3}
Press: ? - help, Dir - move target
Okay, then.
Okay, then.
As you read the scroll of fear, it crumbles to dust.
You assume a fearsome visage.
The boulder beetle looks frightened!
The yak looks frightened! x4; The boulder beetle leaps!
Reach: H) +9 spear of the Dark Horse {elec, rC- Will+ Str+3}
Press: ? - help, Dir - move target, f - yak
Aim: a yak (lightly wounded, fleeing, about 17% to evade the +9 spear of the Dark Horse)
You reach to attack!
You puncture the yak!
Your attack snaps the yak out of its fear.
The yak is moderately wounded.
Reach: H) +9 spear of the Dark Horse {elec, rC- Will+ Str+3}
Press: ? - help, Dir - move target, f/p - yak
Aim: a yak (moderately wounded, about 17% to evade the +9 spear of the Dark Horse)
You hit the yak but do no damage.
The yak is moderately wounded.
The boulder beetle leaps!
Reach: H) +9 spear of the Dark Horse {elec, rC- Will+ Str+3}
Press: ? - help, Dir - move target, f/p - yak
Aim: a yak (moderately wounded, about 17% to evade the +9 spear of the Dark Horse)
You hit the yak.
The yak is heavily wounded.
The yak gores you but does no damage.
Reach: H) +9 spear of the Dark Horse {elec, rC- Will+ Str+3}
Press: ? - help, Dir - move target, f/p - yak
Aim: a yak (heavily wounded, about 17% to evade the +9 spear of the Dark Horse)
You hit the yak.
The yak is heavily wounded.
You block the yak's attack.
Reach: H) +9 spear of the Dark Horse {elec, rC- Will+ Str+3}
Press: ? - help, Dir - move target, f/p - yak
Aim: a yak (heavily wounded, about 17% to evade the +9 spear of the Dark Horse)
You completely miss the yak.
The yak is heavily wounded.
Reach: H) +9 spear of the Dark Horse {elec, rC- Will+ Str+3}
Press: ? - help, Dir - move target, f/p - yak
Aim: a yak (heavily wounded, about 17% to evade the +9 spear of the Dark Horse)
You puncture the yak!
The yak is severely wounded.
The yak gores you!
* * * LOW HITPOINT WARNING * * *
Cornered, the yak turns to fight! x2
Reach: H) +9 spear of the Dark Horse {elec, rC- Will+ Str+3}
Press: ? - help, Dir - move target, f/p - yak
Aim: a yak (severely wounded, about 17% to evade the +9 spear of the Dark Horse)
You completely miss the yak.
The yak is severely wounded.
The yak gores you!
* * * LOW HITPOINT WARNING * * *
Unknown command.
Unknown command.
As you read the scroll of fear, it crumbles to dust.
You assume a fearsome visage.
The yak looks frightened! x4
The boulder beetle bites you but does no damage.
Okay, then.
As you read the scroll labelled GOKUOPHANIA, it crumbles to dust.
The creatures around you are filled with an inner flame!
It was a scroll of immolation.
Your transformation is almost over.
The boulder beetle seems to regain its courage.
The boulder beetle bites you but does no damage.
As you read the scroll labelled NUBICE OSUBLA, it crumbles to dust.
You feel a strange sense of stasis.
It was a scroll of teleportation.
The boulder beetle bites you!
* * * LOW HITPOINT WARNING * * *
Cornered, the yak turns to fight!
It was a potion of flight.
Your roots keep you in place.
The boulder beetle bites you!
* * * LOW HITPOINT WARNING * * *
It was a potion of attraction.
You feel attractive to monsters. The boulder beetle bites you!
You die...

#.# #...# ###. ..
#.# #...###... ..
#.# #...#..... #'
#.# ###......# #.
#.####......###
##(#####.##......###
#...[.[........###
#Y..###......###
#....♣.....###
#Y..##B..###
#Y.)†..### #Y.).(##
##+#.#Y. ..#..# ...#
... #.#.# #.. .# .#


You could see a boulder beetle (inner flame) and 4 yaks.

Vanquished Creatures
  Snorg (D:11)
  A boulder beetle (D:11)
  A death yak (D:10)
  2 two-headed ogres (D:11)
  A deep elf pyromancer (D:11)
  A cyclops (D:11)
  2 ugly things (D:11)
  4 manticores (D:11)
  7 centaur zombies
  Joseph (D:10)
  A gargoyle (D:10)
  A komodo dragon (D:10)
  6 trolls (D:11)
  A meliai zombie (D:10)
  A centaur simulacrum (D:11)
  13 yaks
  5 wyverns
  A wraith (D:11)
  3 steam dragons
  Menkaure (D:7)
  2 hogs (D:10)
  5 water moccasins
  A hornet zombie (D:8)
  2 orc warriors
  A sky beast (D:7)
  An ice beast (D:6)
  4 black bears
  5 ogres
  A wolf (D:10)
  4 centaurs
  A phantom (D:6)
  A kobold brigand (D:9)
  2 gnoll sergeants
  2 scorpions
  2 water moccasin zombies (D:5)
  2 water moccasin skeletons (D:5)
  9 wights
  8 killer bees
  A howler monkey (D:11)
  2 jellies
  A bullfrog zombie (D:7)
  3 orc priests
  7 hounds
  2 gnoll shamans
  A bullfrog skeleton (D:6)
  4 iguanas
  9 orc wizards
  A hound zombie (D:5)
  A hound skeleton (D:2)
  2 mummies (Ossuary)
  A howler monkey zombie (D:6)
  20 gnolls
  7 adders
  A river rat (D:6)
  2 adder zombies
  An adder skeleton (D:4)
  2 worms
  3 dart slugs
  30 orcs
  13 bats
  12 endoplasms
  5 giant cockroaches
  A gnoll zombie (D:4)
  4 goblins
  10 hobgoblins
  3 jackals (D:1)
  4 quokkas
  5 ball pythons
  A frilled lizard (D:1)
  5 goblin zombies (Ossuary)
  17 hobgoblin zombies (Ossuary)
  A jackal zombie (Ossuary)
  9 kobolds
  7 kobold zombies (Ossuary)
  3 orc zombies (Ossuary)
  2 rats
  A rat zombie (Ossuary)
311 creatures vanquished.

Vanquished Creatures (others)
  12 plants
12 creatures vanquished.

Grand Total: 323 creatures vanquished

Notes
Turn   | Place    | Note
-------+----------+-------------------------------------------
     0 | D:5      | sleeves the Minotaur Delver began the quest for the Orb.
     0 | D:5      | Reached XP level 1. HP: 19/19 MP: 0/0
   120 | D:5      | Noticed a water moccasin zombie
   130 | D:5      | Reached skill level 3 in Axes
   130 | D:5      | Reached XP level 2. HP: 17/26 MP: 1/1
   133 | D:5      | HP: 12/26 [water moccasin zombie (2)]
   138 | D:5      | HP: 6/26 [water moccasin zombie (4)]
   140 | D:5      | Reached skill level 5 in Axes
   140 | D:5      | Reached XP level 3. HP: 7/31 MP: 2/2
   140 | D:5      | Reached XP level 4. HP: 9/39 MP: 3/3
   370 | D:5      | Found a basalt altar of Yredelemnul.
   398 | D:5      | HP: 18/39 [water moccasin zombie (5)]
   403 | D:5      | HP: 7/39 [water moccasin zombie (4)]
   405 | D:5      | Reached skill level 6 in Axes
   405 | D:5      | HP: 2/39 [water moccasin skeleton (2)]
   410 | D:5      | Reached XP level 5. HP: 3/45 MP: 4/4
   719 | D:5      | Noticed an ogre
  1137 | D:4      | Found a white marble altar of Elyvilon.
  1179 | D:4      | Found a sand-covered staircase.
  1189 | Ossuary  | Entered an ossuary
  1205 | Ossuary  | Reached skill level 7 in Axes
  1846 | D:2      | Reached XP level 6. HP: 37/51 MP: 5/5
  1907 | D:2      | HP: 25/51 [hobgoblin (1)]
  1909 | D:2      | HP: 12/51 [hobgoblin (4)]
  1910 | D:2      | HP: 5/51 [hobgoblin (2)]
  2600 | D:1      | Found a faded altar of an unknown god.
  3554 | D:2      | Found a shimmering blue altar of Sif Muna.
  3764 | D:3      | Found Jaot's General Store.
  3811 | D:3      | Found Nizarph's Armour Shop.
  3872 | D:3      | Found Weutz's Antique Weapon Emporium.
  3940 | D:3      | Reached skill level 8 in Axes
  4015 | D:3      | Reached skill level 1 in Armour
  4081 | D:3      | Found a broken altar of Ashenzari.
  4111 | D:3      | Found Reufua's Antique Armour Emporium.
  4209 | D:3      | Found an ancient bone altar of Kikubaaqudgha.
  4222 | D:3      | HP: 23/52 [poisoned by an orc wizard]
  4223 | D:3      | Reached skill level 4 in Fighting
  4225 | D:3      | HP: 11/52 [poisoned by an orc wizard]
  4229 | D:3      | HP: 5/52 [poisoned by an orc wizard]
  4233 | D:3      | HP: 2/52 [poisoned by an orc wizard]
  4541 | D:3      | Found a shimmering blue altar of Sif Muna.
  4601 | D:3      | Found a radiant altar of Vehumet.
  4611 | D:3      | Got Vehumet's Catalogue of Attacks
  4760 | D:4      | Reached skill level 3 in Dodging
  4930 | D:4      | Reached skill level 2 in Armour
  4930 | D:4      | Reached XP level 7. HP: 43/60 MP: 6/6
  5277 | D:4      | Found a staircase to the Ecumenical Temple.
  5298 | Temple   | Entered the Ecumenical Temple
  6083 | D:5      | Reached skill level 5 in Fighting
  6083 | D:5      | Reached skill level 3 in Armour
  6083 | D:5      | Reached skill level 4 in Dodging
  6106 | D:5      | HP: 29/61 [ogre (13)]
  6157 | D:3      | HP: 23/61 [ogre (13)]
  6680 | D:5      | Reached XP level 8. HP: 62/69 MP: 7/7
  6758 | D:5      | Reached skill level 9 in Axes
  6758 | D:5      | Reached skill level 4 in Armour
  7208 | D:5      | HP: 25/70 [ogre (23)]
  7296 | D:5      | Reached skill level 6 in Fighting
  7472 | D:5      | Found a stormy altar of Qazlal.
  7473 | D:5      | Found a hazy altar of Hepliaklqana.
  7495 | D:5      | Reached skill level 5 in Armour
  7495 | D:5      | Reached skill level 5 in Dodging
  7512 | D:5      | Became a worshipper of Qazlal Stormbringer
  7825 | D:6      | Found a glowing drain.
  7927 | Sewer    | Entered a sewer
  7971 | Sewer    | Reached skill level 1 in Invocations
  8129 | D:6      | Reached XP level 9. HP: 68/78 MP: 7/9
  8138 | D:6      | Reached skill level 7 in Fighting
  8150 | D:6      | Reached skill level 6 in Dodging
  8155 | D:6      | Reached skill level 10 in Axes
  8155 | D:6      | Reached skill level 2 in Invocations
  8166 | D:6      | HP: 39/79 [gnoll (3)]
  8173 | D:6      | HP: 22/79 [gnoll (3)]
  8175 | D:6      | Reached skill level 6 in Armour
  8179 | D:6      | Found a sparkling altar of Nemelex Xobeh.
  9069 | D:6      | Reached * piety under Qazlal
  9250 | D:6      | Reached skill level 3 in Invocations
  9519 | D:7      | HP: 40/80 [killer bee (8)]
  9524 | D:7      | HP: 29/80 [poisoned by a killer bee]
 10117 | D:7      | Noticed Menkaure
 10123 | D:7      | HP: 31/81 [??? (29)]
 10124 | D:7      | Killed Menkaure
 10125 | D:7      | Reached skill level 8 in Fighting
 10343 | D:7      | HP: 30/76 [wight (10)]
 10346 | D:7      | Reached skill level 7 in Armour
 10646 | D:7      | Reached skill level 7 in Dodging
 10759 | D:7      | Identified the +9 spear of the Dark Horse {elec, rC- Will+
                  | Str+3}
 10968 | D:8      | Reached XP level 10. HP: 85/86 MP: 11/11
 10977 | D:8      | Reached skill level 4 in Invocations
 11395 | D:8      | Found Qazisiuh's Weapon Shoppe.
 11718 | D:8      | Noticed a boulder beetle
 11719 | D:8      | Noticed a centaur warrior
 11722 | D:8      | Noticed a skeletal warrior
 11724 | D:8      | Noticed a black mamba
 11780 | D:8      | Reached skill level 11 in Axes
 12139 | D:8      | Identified the +1 cloak of Perfidy {+Inv Will++ MP+9 Str-2}
 12238 | D:9      | Reached ** piety under Qazlal
 12651 | D:9      | Found a snail-covered altar of Cheibriados.
 13043 | D:10     | Entered Level 10 of the Dungeon
 13096 | D:10     | Reached skill level 9 in Fighting
 13096 | D:10     | Reached skill level 8 in Armour
 13108 | D:10     | Reached skill level 5 in Invocations
 13262 | D:10     | Noticed Joseph
 13270 | D:10     | Killed Joseph
 13271 | D:10     | Reached skill level 8 in Dodging
 13372 | D:10     | Found a huge runed translucent gate.
 13373 | D:10     | Found a huge runed translucent gate.
 13374 | D:10     | Found a huge runed translucent gate.
 13374 | D:10     | Noticed a death yak
 13375 | D:10     | Found a huge runed translucent gate.
 13438 | D:10     | Noticed a gargoyle
 13452 | D:10     | HP: 34/91 [gargoyle (15)]
 13455 | D:10     | Killed a gargoyle
 13955 | D:10     | Found a staircase to the Lair.
 14207 | D:10     | HP: 45/91 [death yak (22)]
 14212 | D:10     | HP: 27/91 [death yak (19)]
 14238 | D:10     | HP: 27/91 [wyvern (7)]
 14245 | D:9      | HP: 18/91 [wyvern (11)]
 14628 | D:10     | Reached XP level 11. HP: 85/97 MP: 14/14
 14642 | D:10     | Killed a death yak
 14787 | D:10     | Reached skill level 9 in Armour
 14791 | D:10     | Reached skill level 6 in Invocations
 14889 | D:11     | Reached skill level 12 in Axes
 14903 | D:11     | Reached skill level 10 in Fighting
 15041 | D:11     | Noticed a deep elf pyromancer
 15047 | D:11     | Killed a deep elf pyromancer
 15107 | D:11     | Learned a level 4 spell: Passage of Golubria
 15161 | D:11     | Reached skill level 9 in Dodging
 15302 | D:11     | Noticed Snorg
 15309 | D:11     | HP: 50/100 [Snorg (8)]
 15311 | D:11     | HP: 21/100 [Snorg (5)]
 15313 | D:11     | Killed Snorg
 15739 | D:11     | Noticed a two-headed ogre
 15745 | D:11     | Killed a two-headed ogre
 15765 | D:11     | Noticed a two-headed ogre
 15769 | D:11     | Killed a two-headed ogre
 15786 | D:11     | Reached *** piety under Qazlal
 15787 | D:11     | Reached skill level 10 in Armour
 15787 | D:11     | Reached skill level 7 in Invocations
 15805 | D:11     | Noticed a boulder beetle
 15830 | D:11     | Killed a boulder beetle
 15831 | D:11     | Reached skill level 11 in Fighting
 15831 | D:11     | Reached XP level 12. HP: 110/110 MP: 16/16
 15856 | D:11     | Reached skill level 13 in Axes
 15860 | D:11     | Reached skill level 10 in Dodging
 15866 | D:11     | HP: 53/110 [cyan ugly thing (15)]
 15873 | D:11     | HP: 32/110 [cyan ugly thing (8)]
 15876 | D:11     | Noticed a boulder beetle
 15878 | D:11     | Gained mutation: Your flesh is cold resistant. (rC+)
                  | [potion of mutation]
 15878 | D:11     | HP: 34/165 [yak (2)]
 15885 | D:11     | HP: 29/165 [yak (7)]
 15889 | D:11     | HP: 9/165 [boulder beetle (13)]
 15890 | D:11     | HP: 2/165 [boulder beetle (8)]
 15891 | D:11     | Mangled by a boulder beetle

Illustrated notes

Levels and vault maps discovered:
D:1:      dpeg_arrival_refuge, layout_basic, chequers_ecumenical_altar_lobes,
          minmay_misc_feat_encased
D:2:      minmay_spotlight, layout_basic, minmay_hexomino_r4
D:3:      layout_rooms, palyth_temple_overflow_mages,
          mainiacjoe_overflow_cross_hatched, serial_shops, nicolae_shop_crystal,
          nicolae_diamond_shop, shop, nicolae_diamond_shop, minmay_crystal_water
D:4:      layout_basic, nicolae_elyvilon_temple_path,
          minmay_temple_entry_butterflies, enter_ossuary_3, grunt_decor_junction
D:5:      minmay_general_purpose_star, layout_basic,
          lemuel_zombie_altar_yredelemnul, mainiacjoe_overflow_divided_tiny
D:6:      layout_cave_pools, nemelex_xobeh_ov_fountains_minmay,
          cheibrodos_sewer_entry_sluice, minmay_misc_feat_x,
          kennysheep_nondescript, kennysheep_potato
D:7:      layout_rooms, interstate_on_off, uniq_menkaure
D:8:      layout_loops_corners, serial_shops, kennysheep_little_box,
          onia_ninara_dug_in_and_dangerous
D:9:      layout_loops_cross, general_overflow_altar, minmay_misc_feat_roman
D:10:     lemuel_bear_cage, layout_irregular_city, david_lair_shrubbed,
          hangedman_decor_clover_reticule, uniq_joseph
D:11:     minmay_the_grid_triangle_9x9_rhombus_full_mashed
          [minmay_the_grid_triangle_9x9_pentomino_pain,
          minmay_the_grid_triangle_9x9_flanged_cone,
          minmay_the_grid_triangle_9x9_limited_checkers,
          minmay_the_grid_triangle_9x9_windchime,
          minmay_the_grid_triangle_9x9_steps,
          minmay_the_grid_triangle_9x9_zippers_vertical,
          minmay_the_grid_triangle_9x9_thin_v,
          minmay_the_grid_triangle_9x9_prize_center], layout_basic, uniq_snorg
Temple:   nicolae_temple_hex_pool

Skill      XL: |  1  2  3  4  5  6  7  8  9 10 11 12 |
---------------+-------------------------------------+-----
Axes           | 3 5 6 7 8 9 10 11 12 13 | 13.1
Armour         | 2 3 5 7 8 10 | 10.7
Fighting       | 4 5 6 8 9 11 | 11.3
Dodging        | 3 4 5 7 8 9 10 | 10.1
Invocations    | 1 3 5 7 |  7.7
Stealth        | |  4.1

Action                   |  1- 3 |  4- 6 |  7- 9 | 10-12 || total
-------------------------+-------+-------+-------+-------++-------
Melee: Hand axe          |    17 |   308 |    93 |       ||   418
       Headbutt          |     7 |    49 |    56 |    55 ||   167
       Morningstar       |       |       |   157 |       ||   157
       War axe           |       |       |    40 |       ||    40
       Spear             |       |       |     8 |   370 ||   378
       Halberd           |       |       |       |     6 ||     6
Evoke: Wand              |       |       |     1 |       ||     1
  Use: Potion            |       |       |     1 |     6 ||     7
       Scroll            |       |       |       |     4 ||     4
 Stab: Sleeping          |       |    13 |     1 |       ||    14
Armor: Leather armour    |     5 |    74 |    14 |       ||    93
       Scale mail        |       |       |   129 |    51 ||   180
       Troll leather arm |       |       |       |    39 ||    39
       Skin              |       |       |       |     6 ||     6
Dodge: Dodged            |    10 |   137 |   204 |   171 ||   522
Block: Other             |       |       |     5 |    33 ||    38

Table legend: (Time is in decaauts)
 A = Elapsed time spent in this place.
 B = Non-inter-level travel time spent in this place.
 C = Inter-level travel time spent in this place.
 D = Time resting spent in this place.
 E = Time spent auto-exploring this place.
 F = Levels seen in this place.
 G = Mean time per level.
                   A        B        C        D        E       F      G
               +--------+--------+--------+--------+--------+-----+--------+
         Total |  15802 |  15297 |    505 |   3379 |   9481 |  14 | 1128.7 |
       Dungeon |  15071 |  14587 |    484 |   3360 |   9008 |  11 | 1370.1 |
        Temple |     92 |     72 |     20 |      0 |     62 |   1 |   92.0 |
         Sewer |    123 |    123 |      0 |      0 |     98 |   1 |  123.0 |
       Ossuary |    514 |    514 |      0 |     19 |    313 |   1 |  514.0 |
               +--------+--------+--------+--------+--------+-----+--------+

Top non-repeatable levels by time:
     D:5: 2512 daAuts
     D:6: 1645 daAuts
     D:4: 1518 daAuts
    D:10: 1448 daAuts
     D:8: 1404 daAuts
     D:2: 1351 daAuts
     D:3: 1289 daAuts
     D:9: 1153 daAuts
     D:7: 1010 daAuts
    D:11: 973 daAuts
     D:1: 763 daAuts
 Ossuary: 514 daAuts
   Sewer: 123 daAuts
  Temple: 92 daAuts
